Map: Zen LE

Players

HeroMarine

  • Race: Terran Terran
  • Spawn Location: 7:00

MarineLorD - Winner!

  • Race: Terran Terran
  • League: Master
  • Spawn Location: 1:00

Event: NationWars 2019

VOD

Have the link to the VOD?

Description

Time

  • Played on: Dec. 1, 2019, 3:04 p.m.
  • Length: 9:35
Show
View Real Time Build Order
Export as new Build Order

HeroMarine Terran 

Build Orders:  

Get SALT Encoding   

  12  0:00  SCV  
  13  0:12  SCV  
  14  0:17  Supply Depot  
  14  0:24  SCV  
  15  0:29  Refinery  
  15  0:39  SCV  
  16  0:44  Barracks  
  16  0:51  SCV  
  16  0:55  Refinery  
  17  1:03  SCV  
  18  1:15  SCV  
  19  1:32  Orbital Command, Factory  
  19  1:46  Reaper  
  20  1:47  Supply Depot  
  20  1:58  SCV  
  21  2:10  SCV  
  24  2:16  Hellion  
  24  2:18  Reaper  
  24  2:22  SCV  
  26  2:31  Command Center  
  26  2:34  SCV  
  27  2:39  Hellion  
  29  2:46  SCV  
  29  2:50  Starport  
  30  2:52  Barracks Reactor  
  30  2:58  SCV  
  30  3:00  Supply Depot  
  30  3:04  Factory Tech Lab  
  31  3:21  SCV  
  32  3:29  Marine x2  
  32  3:31  Refinery  
  32  3:32  Factory Tech Lab  
  32  3:33  SCV  
  32  3:34  Raven  
  37  3:44  Orbital Command  
  37  3:45  SCV  
  37  3:47  Marine x2  
  40  3:52  Siege Tank  
  43  3:57  SCV  
  44  4:10  SCV  
  44  4:12  SCV  
  46  4:18  Raven  
  46  4:22  SCV  
  46  4:23  Supply Depot  
  46  4:24  SCV  
  50  4:34  SCV  
  50  4:35  Command Center  
  50  4:36  SCV  
  51  4:39  Marine x2  
  56  4:45  Siege Tank  
  56  4:50  SCV x2  
  57  4:56  Marine  
  57  4:57  Marine  
  59  5:01  Supply Depot  
  59  5:03  SCV x2  
  61  5:15  SCV x2  
  61  5:17  Siege Tank  
  66  5:22  Viking  
  66  5:23  Stimpack, Marine  
  66  5:27  SCV x2  
  71  5:32  Barracks  
  71  5:33  Barracks  
  71  5:37  Viking  
  71  5:41  SCV x2  
  75  5:46  Marine  
  75  5:49  Siege Tank  
  79  5:50  Orbital Command  
  79  5:56  SCV x2  
  81  5:59  Viking  
  83  6:07  Viking  
  83  6:08  SCV x2  
  79  6:14  Marine  
  68  6:20  Barracks Reactor x2  
  68  6:21  Engineering Bay  
  68  6:22  Engineering Bay  
  68  6:24  SCV, Orbital Command  
  70  6:25  Refinery  
  70  6:28  SCV, Siege Tank  
  70  6:32  Marine  
  73  6:34  Viking  
  73  6:38  Viking  
  78  6:42  SCV  
  78  6:43  SCV  
  80  6:50  Marine  
  82  6:57  Barracks, Marine  
  82  6:58  Barracks, Marine x2  
  82  7:00  Terran Infantry Weapons Level 1, Terran Infantry Armor Level 1  
  84  7:02  Marine  
  84  7:05  SCV  
  84  7:06  SCV  
  84  7:08  SCV, Marine  
  89  7:15  Marine x2  
  89  7:16  Supply Depot x2, Marine  
  89  7:17  SCV  
  89  7:19  Marine  
  89  7:20  SCV x2  
  96  7:25  Siege Tank  
  96  7:26  Marine  
  96  7:27  Refinery  
  96  7:28  Refinery  
  100  7:30  SCV  
  101  7:38  Supply Depot, SCV x2, Marine x3  
  101  7:42  Supply Depot  
  101  7:43  SCV, Medivac x2  
  111  7:47  Barracks Reactor  
  111  7:48  Barracks Reactor  
  111  7:49  Marine x2  
  111  7:50  SCV x2  
  114  7:55  Marine x3  
  114  7:57  Sensor Tower  
  116  7:59  SCV  
  116  8:02  SCV  
  109  8:06  Marine  
  109  8:07  Marine  
  99  8:13  Marine x3  
  99  8:18  Medivac  
  99  8:19  Medivac  
  93  8:23  Siege Tank  
  93  8:24  Marine x3  
  94  8:30  Marine x2  
  94  8:31  Marine x2  
  97  8:36  Marine x2  
  93  8:42  Marine x3  
  93  8:48  SCV x2  
  92  8:49  Marine  
  92  8:58  Marine x2  
  92  9:02  Marine x2  
  86  9:07  Marine x2  
  84  9:10  Marine x2  
  84  9:13  Marine  
Show
View Real Time Build Order
Export as new Build Order

MarineLorD Terran - Winner!

Build Orders: Gas First Reaper Expand 

Get SALT Encoding   

  12  0:00  SCV  
  13  0:12  SCV  
  14  0:17  Supply Depot  
  14  0:24  SCV  
  15  0:29  Refinery  
  15  0:38  SCV  
  16  0:45  Barracks  
  16  0:50  SCV  
  17  1:02  SCV  
  18  1:15  SCV  
  19  1:32  Orbital Command, Reaper  
  20  1:46  Command Center  
  20  1:57  SCV  
  21  2:02  Factory  
  21  2:06  Barracks Reactor  
  21  2:09  SCV  
  21  2:14  Supply Depot  
  22  2:21  SCV, Refinery  
  23  2:35  SCV  
  24  2:42  Marine x2  
  26  2:47  SCV  
  29  2:51  Hellion  
  29  2:52  Starport  
  29  2:59  SCV, Orbital Command  
  29  3:04  Marine  
  29  3:05  Marine  
  32  3:11  SCV  
  33  3:12  Factory Tech Lab  
  33  3:23  SCV  
  33  3:26  SCV  
  35  3:27  Marine  
  35  3:28  Marine  
  35  3:32  Supply Depot  
  37  3:36  Raven, SCV  
  37  3:39  SCV  
  37  3:40  Factory Tech Lab  
  41  3:45  Marine x2  
  41  3:48  SCV  
  44  3:51  SCV  
  44  3:55  Supply Depot  
  45  3:59  Siege Tank  
  45  4:00  SCV  
  48  4:03  SCV  
  48  4:09  Supply Depot  
  51  4:13  SCV  
  51  4:15  SCV  
  51  4:26  Stimpack, Marine, Command Center  
  51  4:28  SCV x2  
  54  4:37  Starport Reactor  
  54  4:40  SCV  
  54  4:41  Barracks  
  54  4:45  Barracks, SCV  
  56  4:52  SCV, Marine  
  57  4:54  Siege Tank  
  57  4:57  Refinery x2  
  60  5:01  SCV  
  60  5:02  Supply Depot  
  60  5:05  SCV  
  62  5:09  Marine  
  62  5:13  SCV  
  64  5:17  SCV  
  64  5:18  Starport Reactor  
  65  5:22  Engineering Bay x2  
  65  5:25  SCV  
  65  5:26  Siege Tank  
  65  5:27  Marine  
  70  5:29  SCV  
  71  5:37  Orbital Command  
  71  5:39  Marine x4  
  75  5:45  Marine  
  75  5:47  SCV x2  
  78  5:51  Terran Infantry Weapons Level 1, Terran Infantry Armor Level 1  
  78  5:57  Marine x4  
  78  5:59  Siege Tank  
  78  6:00  SCV  
  78  6:01  Medivac  
  78  6:03  Marine  
  89  6:05  Orbital Command  
  81  6:14  SCV  
  81  6:15  Marine  
  81  6:16  Marine x3  
  75  6:21  SCV, Marine  
  75  6:23  Combat Shield  
  77  6:26  SCV  
  77  6:32  SCV  
  79  6:33  SCV, Marine  
  79  6:35  Marine x2  
  79  6:36  Siege Tank  
  79  6:37  Marine  
  79  6:38  Marine  
  88  6:42  Armory, SCV  
  88  6:43  Supply Depot x2  
  88  6:44  SCV  
  90  6:51  Medivac  
  90  6:52  SCV  
  93  6:56  Refinery x2  
  93  7:04  SCV x3, Medivac, Marine x3  
  93  7:05  Supply Depot  
  93  7:08  Supply Depot  
  101  7:09  Marine  
  101  7:10  Marine  
  101  7:13  Siege Tank  
  106  7:17  SCV x2  
  106  7:18  Supply Depot  
  106  7:19  Supply Depot  
  106  7:22  Marine  
  109  7:26  Marine x2  
  109  7:27  SCV  
  109  7:29  SCV  
  113  7:31  Sensor Tower  
  113  7:32  Terran Vehicle Weapons Level 1  
  113  7:33  Marine x2  
  115  7:38  Barracks x2  
  115  7:39  SCV x2  
  115  7:40  Marine  
  115  7:41  SCV  
  119  7:44  Marine  
  119  7:48  Marine  
  121  7:51  Marine  
  121  7:52  Marine  
  122  8:01  Marine  
  122  8:02  Marine  
  119  8:06  Marine  
  119  8:07  SCV, Siege Tank  
  119  8:09  Marine  
  119  8:10  Marine  
  124  8:19  Marine  
  105  8:20  Marine  
  105  8:23  Viking x2  
  105  8:24  Marine x2  
  111  8:27  Marine  
  111  8:28  Marine  
  111  8:30  SCV x2  
  111  8:32  Marine  
  116  8:37  Marine  
  116  8:38  Marine  
  116  8:39  Siege Tank  
  116  8:40  Supply Depot  
  119  8:41  Supply Depot, Marine  
  119  8:42  Marine  
  119  8:45  Marine  
  119  8:46  Marine  
  121  8:50  Marine  
  121  8:53  Medivac  
  121  8:55  Marine  
  123  8:56  Factory, Marine  
  123  8:59  Marine  
  113  9:02  Marine  
  113  9:04  Marine  
  112  9:13  Barracks Reactor x2, Marine x2  
  111  9:21  Command Center  
Tags
 
Add a new tag
Caveats
  • Supply blocks, unpowered buildings, or Contaminate may cause inaccurate times.
  • Supply counts are checked every 10 seconds.